 Dungeon Crawl Stone Soup version 0.29-a0-1023-g6ae1a4a2c7 (webtiles) character file.

Game seed: 10326714528449659589

234 gelatine the Firebug (level 5, -13/35 HPs)
             Began as a Demonspawn Fire Elementalist on Aug 12, 2022.
             Blown up by Pikel (18 damage)
             ... with a mindburst bolt
             ... on level 4 of the Dungeon.
             The game lasted 00:08:13 (3289 turns).

gelatine the Firebug (Demonspawn Fire Elementalist) Turns: 3289, Time: 00:08:14

Health: -13/35     AC: 11    Str:  8    XL:     5   Next: 75%
Magic:  3/9        EV: 12    Int: 19    God:
Gold:   225        SH:  0    Dex: 13    Spells: 7/10 levels left

rFire   . . .      SeeInvis .   n - +1 dagger (speed)
rCold   . . .      Faith    .   (no shield)
rNeg    . . .      Spirit   .   a - +0 robe
rPois   .          Reflect  .   i - +0 hat
rElec   .          Harm     .   (no cloak)
rCorr   .          Rampage  .   (no gloves)
Will    .....                   (no boots)
Stlth   ++........              (no amulet)
HPRegen 0.11/turn               (no ring)
MPRegen 0.11/turn               (no ring)

@: about to teleport, sanguine armoured
A: sanguine armour 2, demonic touch 2
a: no special abilities


You were on level 4 of the Dungeon.
You visited 1 branch of the dungeon, and saw 4 of its levels.

You collected 225 gold pieces.

Inventory:

Hand Weapons
 j - a +0 dagger
 n - a +1 dagger of speed (weapon)
Armour
 a - a +0 robe (worn)
 i - a +0 hat (worn)
Scrolls
 g - 2 scrolls of teleportation
 l - a scroll of enchant weapon {unknown}
Potions
 b - a potion of magic
 c - a potion of ambrosia
 f - 6 potions of curing {unknown}
 k - a potion of invisibility {unknown}
 m - a potion of flight {unknown}


   Skills:
 + Level 0.2 Fighting
 + Level 0.7 Short Blades
 + Level 2.5 Dodging
 + Level 2.1 Stealth
 + Level 0.5 Unarmed Combat
 + Level 3.2 Spellcasting
 + Level 2.6 Conjurations
 + Level 3.8 Fire Magic


You had 7 spell levels left.
You knew the following spells:

 Your Spells              Type           Power      Damage    Failure   Level
a - Foxfire               Conj/Fire      60%        2x1d7     4%          1
b - Scorch                Fire           34%        2d7       4%          2

Your spell library contained the following spells:

 Spells                   Type           Power      Damage    Failure   Level
 Conjure Flame            Conj/Fire      15%        6-21      12%         3
 Sting                    Tmut/Pois      12%        1d3       16%         1
 Inner Flame              Hex/Fire       10%        N/A       21%         3
 Poisonous Vapours        Pois/Air       6%         N/A       22%         2
 Flame Wave               Conj/Fire      15%        2d7       36%         4
 Call Canine Familiar     Summ           3%         N/A       41%         3
 Portal Projectile        Hex/Tloc       6%         N/A       41%         3
 Leda's Liquefaction      Hex/Erth       1%         N/A       83%         4
 Olgreb's Toxic Radiance  Pois           3%         N/A       83%         4


Dungeon Overview and Level Annotations

Branches:
Dungeon (4/15)
 Temple: D:4-7

Altars:
Makhleb

Annotations:
D:4 Pikel


Innate Abilities, Weirdness & Mutations

When seriously injured, your blood forms thick armour. (AC +9)
Your touch may inflict irresistible damage on your foes.


Message History

The foxfire hits the lemure.
The lemure is lightly wounded.
The lemure barely misses you. The lemure hits you but does no damage.
The foxfire hits the lemure.
The lemure is moderately wounded.
You conjure some foxfire!
The lemure barely misses you. The lemure hits you.
The foxfire hits the lemure.
The lemure is lightly wounded.
The foxfire hits the lemure but does no damage.
The lemure is moderately wounded.
You conjure some foxfire!
The lemure hits you. The lemure barely misses you.
The foxfire hits the lemure but does no damage.
The lemure is moderately wounded.
The foxfire hits the lemure but does no damage.
The lemure is moderately wounded.
A goblin comes into view. It is wielding a +0 dagger.
You conjure some foxfire!
The lemure barely misses you. x2
The lemure attacks as you move away! The lemure hits you.
Your blood congeals into armour.
The foxfire hits the goblin.
You kill the goblin!
The foxfire hits the lemure but does no damage.
The lemure is moderately wounded.
You conjure some foxfire!
The lemure hits you! The lemure hits you.
* * * LOW HITPOINT WARNING * * *
The foxfire hits the lemure.
The lemure is heavily wounded.
The lemure closely misses you.
The foxfire hits the lemure.
The lemure is heavily wounded.
The lemure hits you but does no damage. The lemure attacks as you move away!
The lemure hits you.
* * * LOW HITPOINT WARNING * * *
Pikel completely misses you.
There is an open door here.
As you read the scroll of teleportation, it crumbles to dust.
You feel strangely unstable. The lemure hits you.
* * * LOW HITPOINT WARNING * * *
The lemure barely misses you.
Pikel zaps a wand.
Your mind is blasted!
Ouch! That really hurt!
You die...

#..#.....# .
#..'.....# ....
#..#.....# ....
#..#.....#####...
#..#.........#..#
#.5#........)#..#
#.5#.........#..+
#..#........K#..#
#.K#.......55@..#
#..#.......55####
#..####'#......
#.......#.)...$..
#.......'..........
#.......#..........
#..##...##+##......
#..##...# .....#
#..#....#


You could see Pikel and 4 lemures.

Vanquished Creatures
  A phantom (D:4)
  Natasha (thrice) (D:3)
  2 adders
  A worm (D:2)
  An orc (D:3)
  5 bats
  10 endoplasms
  6 giant cockroaches
  7 goblins
  5 hobgoblins
  5 jackals
  A quokka (D:3)
  5 ball pythons
  3 frilled lizards
  6 kobolds
  6 rats
67 creatures vanquished.

Vanquished Creatures (others)
  240 foxfires
240 creatures vanquished.

Grand Total: 307 creatures vanquished

Notes
Turn   | Place    | Note
-------+----------+-------------------------------------------
     0 | D:1      | gelatine the Demonspawn Fire Elementalist began the quest
                  | for the Orb.
     0 | D:1      | Reached XP level 1. HP: 13/13 MP: 3/3
   202 | D:1      | Gained mutation: When seriously injured, your blood forms
                  | armour. (AC +9) [demonic ancestry]
   202 | D:1      | Reached XP level 2. HP: 14/19 MP: 0/5
  1230 | D:2      | Gained mutation: Your touch may inflict minor irresistible
                  | damage on your foes. [demonic ancestry]
  1230 | D:2      | Reached XP level 3. HP: 23/24 MP: 1/6
  1305 | D:2      | Found a faded altar of an unknown god.
  2141 | D:2      | You fall into a shaft and drop 1 floor!
  2264 | D:3      | Found a burning altar of Makhleb.
  2293 | D:3      | Gained mutation: Your touch may inflict irresistible damage
                  | on your foes. [demonic ancestry]
  2293 | D:3      | Reached XP level 4. HP: 19/30 MP: 0/7
  2552 | D:3      | Noticed Natasha
  2556 | D:3      | Killed Natasha
  2610 | D:3      | Learned a level 2 spell: Scorch
  2953 | D:3      | Noticed Natasha
  2957 | D:3      | Killed Natasha
  3002 | D:3      | Gained mutation: When seriously injured, your blood forms
                  | thick armour. (AC +9) [demonic ancestry]
  3002 | D:3      | Reached XP level 5. HP: 35/35 MP: 6/9
  3039 | D:3      | Noticed Natasha
  3043 | D:3      | Killed Natasha
  3195 | D:4      | Noticed a phantom
  3200 | D:4      | Killed a phantom
  3249 | D:4      | Noticed a lemure
  3254 | D:4      | Noticed a lemure
  3255 | D:4      | Noticed a lemure
  3267 | D:4      | Noticed Pikel
  3272 | D:4      | Noticed a lemure
  3289 | D:4      | Blown up by Pikel

Illustrated notes

Levels and vault maps discovered:
D:1:      dpeg_arrival_tiny_b, layout_loops_ring, reono_crystal_passage
D:2:      minmay_general_purpose_star, layout_rooms,
          hellmonk_ecumenical_altar_zigzags
D:3:      layout_rooms, mainiacjoe_overflow_big_doors, uniq_natasha
D:4:      layout_gridville, minmay_temple_entry_butterflies,
          nicolae_ossuary_entry_ruins, uniq_duvessa, uniq_blork_the_orc,
          uniq_pikel

Skill      XL: |  1  2  3  4  5 |
---------------+----------------+-----
Dodging        | 2 |  2.5
Fire Magic     | 3 |  3.8
Stealth        | 2 |  2.1
Conjurations   | 2 |  2.6
Spellcasting   | 3 |  3.2
Fighting       | |  0.2
Short Blades   | |  0.7
Unarmed Combat | |  0.5

Action                   |  1- 3 |  4- 6 || total
-------------------------+-------+-------++-------
Melee: Unarmed           |    47 |       ||    47
       Punch             |     1 |       ||     1
       Dagger            |    14 |     4 ||    18
       Touch             |     1 |     2 ||     3
 Cast: Foxfire           |   100 |    51 ||   151
  Use: Scroll            |     3 |     2 ||     5
Armor: Robe              |    24 |     2 ||    26
Dodge: Dodged            |    73 |    14 ||    87

Table legend: (Time is in decaauts)
 A = Elapsed time spent in this place.
 B = Non-inter-level travel time spent in this place.
 C = Inter-level travel time spent in this place.
 D = Time resting spent in this place.
 E = Time spent auto-exploring this place.
 F = Levels seen in this place.
 G = Mean time per level.
                   A        B        C        D        E       F      G
               +--------+--------+--------+--------+--------+-----+--------+
         Total |   3282 |   3190 |     92 |     68 |   2568 |   4 |  820.5 |
       Dungeon |   3282 |   3190 |     92 |     68 |   2568 |   4 |  820.5 |
               +--------+--------+--------+--------+--------+-----+--------+

Top non-repeatable levels by time:
     D:1: 1181 daAuts
     D:2: 1082 daAuts
     D:3: 849 daAuts
     D:4: 169 daAuts
